 Dungeon Crawl Stone Soup version 0.29-a0-909-g30c7767f5c (webtiles) character file.

Game seed: 1926194503656897228

2210 Destapler the Fighter (level 9, -2/85 HPs)
             Began as a Minotaur Fighter on July 25, 2022.
             Was an Initiate of the Shining One.
             Slain by a steam dragon (9 damage)
             ... on level 7 of the Dungeon.
             The game lasted 00:16:41 (9056 turns).

Destapler the Fighter (Minotaur Fighter)            Turns: 9056, Time: 00:16:42

Health: -2/85      AC: 10    Str: 25    XL:     9   Next: 13%
Magic:  9/9        EV: 10    Int:  5    God:    the Shining One [......]
Gold:   273        SH:  5    Dex: 10    Spells: 8/8 levels left

rFire   + . .      SeeInvis .   a - +0 flail
rCold   + . .      Faith    .   c - +0 buckler
rNeg    . . .      Spirit   .   b - +0 scale mail
rPois   .          Reflect  .   y - +2 hat
rElec   .          Harm     .   n - scarf {rC+ rF+}
rCorr   .          Rampage  .   u - +0 pair of gloves
Will    .....                   (no boots)
Stlth   ..........              f - amulet of the acrobat
HPRegen 0.24/turn               (no ring)
MPRegen 0.11/turn               (no ring)

@: glowing
A: horns 2, retaliatory headbutt
a: Renounce Religion


You were on level 7 of the Dungeon.
You worshipped the Shining One.
The Shining One was noncommittal.
You visited 2 branches of the dungeon, and saw 8 of its levels.

You collected 303 gold pieces.
You donated 30 gold pieces to Zin.

Inventory:

Hand Weapons
 a - a +0 flail (weapon)
 e - a +0 dagger of speed
 I - a +2 dagger of speed
Missiles
 q - 15 poisoned darts (quivered)
 r - 68 stones
 s - 2 atropa-tipped darts
 C - 4 boomerangs
 D - 3 javelins
Armour
 b - a +0 scale mail (worn)
 c - a +0 buckler (worn)
 n - a scarf of resistance (worn)
 u - a +0 pair of gloves (worn)
 y - a +2 hat (worn)
Jewellery
 f - an amulet of the acrobat (around neck)
Scrolls
 g - 5 scrolls of blinking
 i - 2 scrolls of amnesia {unknown}
 j - a scroll of vulnerability {unknown}
 l - 5 scrolls of identify {unknown}
 o - a scroll of teleportation
 p - a scroll of fear {unknown}
 v - a scroll of enchant weapon {unknown}
 x - a scroll of acquirement {unknown}
 F - 2 scrolls of poison {unknown}
 H - a scroll of butterflies {unknown}
Potions
 d - 3 potions of might
 h - a potion of lignification {unknown}
 k - a potion of brilliance {unknown}
 m - 2 potions of mutation {unknown}
 w - a potion of invisibility {unknown}
 z - 3 potions of curing {unknown}
 A - a potion of cancellation {unknown}
 B - a potion of flight {unknown}
 E - 2 potions of haste {unknown}
 G - a potion of heal wounds
 J - a potion of attraction {unknown}
 K - a potion of degeneration {unknown}


   Skills:
 + Level 10.1 Fighting
 + Level 4.8 Maces & Flails
 + Level 5.1 Throwing
 - Level 6.0 Armour
 - Level 3.0 Dodging
 - Level 6.0 Shields
 * Level 1.5 Invocations


You had 8 spell levels left.
You didn't know any spells.
Your spell library contained the following spells:

 Spells                   Type           Power      Damage    Failure   Level
 Blink                    Tloc           0%         N/A       92%         2
 Gell's Gravitas          Tloc           0%         N/A       99%         3
 Teleport Other           Tloc           0%         N/A       99%         3
 Tukima's Dance           Hex            0%         N/A       99%         3
 Passage of Golubria      Tloc           0%         N/A       100%        4
 Manifold Assault         Tloc           0%         N/A       100%        5
 Yara's Violent Unravell  Hex/Tmut       0%         3d3       100%        5
 Dispersal                Tloc           0%         N/A       100%        6
 Storm Form               Tmut/Air       0%         N/A       100%        7


Dungeon Overview and Level Annotations

Branches:
Dungeon (7/15)             Temple (1/1) D:7

Altars:
Ashenzari
Cheibriados
Dithmenos
Elyvilon
Fedhas
Gozag
Kikubaaqudgha
Makhleb
Nemelex Xobeh
Okawaru
Qazlal
Ru
Sif Muna
Trog
Uskayaw
Vehumet
Wu Jian
Xom
Yredelemnul
Zin
The Shining One

Shops:
D:3 (


Innate Abilities, Weirdness & Mutations

You have a pair of horns on your head.
You reflexively headbutt those who attack you in melee.


Message History

The orc priest hits you but does no damage.
The steam dragon misses you. The steam dragon claws you.
* * * LOW HITPOINT WARNING * * *
You sock the steam dragon!
The steam dragon is heavily wounded.
The orc priest closely misses you. The steam dragon bites you.
* * * LOW HITPOINT WARNING * * *
You block the steam dragon's attack.
You hit the orc priest.
The orc priest is heavily wounded.
The orc priest mumbles some strange prayers to Beogh against you.
Beogh smites you!
* * * LOW HITPOINT WARNING * * *
The steam dragon breathes steam at you. The ball of steam misses you.
You hit the orc priest.
The orc priest is almost dead.
The steam dragon barely misses you.
The steam dragon claws you but does no damage.
The steam dragon attacks as you move away!
The steam dragon bites you.
* * * LOW HITPOINT WARNING * * *
You block the steam dragon's attack. The orc priest misses you.
There is an open door here.
You sock the orc priest!
You kill the orc priest!
The Shining One accepts your kill. The ice beast hits you.
* * * LOW HITPOINT WARNING * * *
The ice beast freezes you. You resist.
* * * LOW HITPOINT WARNING * * *
The steam dragon bites you.
* * * LOW HITPOINT WARNING * * *
You block the steam dragon's attack.
The ice beast hits you but does no damage.
You hit the steam dragon.
You headbutt the steam dragon, but do no damage.
The steam dragon is heavily wounded.
The ice beast closely misses you. The steam dragon bites you!
You die...

.#.#..............♣.....♣
.#.#..........#....o♣.♣..b..
'#+#..........#....♣♣.♣ ....
......#########..#..........
......# #..##...... #.
......# #..# ######.#.#
......# #.o########.#.#
......# ##YD.......... ..
......# ######@#........#.#
#. ......#
#...............#.# #.
......# #...............#.#
#. ..#####
#...............#.# #. ..#
#######.........#.# #. ..#
#.....###.#.# #. ..# ##....#
#.#.####. ..# #....#
#........ ..# ######....#
###.####.


You could see a steam dragon, an ice beast and an orc.

Vanquished Creatures
  Prince Ribbit (D:6)
  A vampire (D:5)
  A steam dragon (D:6)
  2 water moccasins
  2 ice beasts
  An orc warrior (D:7)
  A centaur (D:7)
  An ogre (D:5)
  A phantom (D:5)
  2 bullfrogs
  A scorpion (D:5)
  2 necrophages (D:6)
  A howler monkey (D:5)
  4 hounds
  4 orc priests
  2 iguanas
  3 orc wizards
  8 adders
  3 gnolls
  3 white imps
  An ufetubus (D:5)
  3 worms
  3 dart slugs
  12 orcs
  13 ball pythons
  8 endoplasms
  7 hobgoblins
  11 jackals
  10 kobolds
  8 quokkas
  7 bats
  6 frilled lizards
  8 giant cockroaches
  8 goblins
  13 rats
  A butterfly (D:7)
163 creatures vanquished.

Notes
Turn   | Place    | Note
-------+----------+-------------------------------------------
     0 | D:1      | Destapler the Minotaur Fighter began the quest for the Orb.
     0 | D:1      | Reached XP level 1. HP: 19/19 MP: 0/0
   135 | D:1      | Reached XP level 2. HP: 27/27 MP: 1/1
   522 | D:1      | Reached skill level 4 in Fighting
   651 | D:1      | Reached XP level 3. HP: 33/33 MP: 2/2
  1074 | D:2      | Reached XP level 4. HP: 23/40 MP: 3/3
  3164 | D:2      | Reached XP level 5. HP: 46/47 MP: 4/4
  3429 | D:3      | Reached skill level 1 in Dodging
  3603 | D:3      | Reached skill level 1 in Throwing
  3733 | D:3      | Found Onyl's Weapon Boutique.
  4187 | D:4      | Identified the +3 quarterstaff "Aluluasu" {vamp, Dex+4}
  5163 | D:5      | Entered Level 5 of the Dungeon
  5169 | D:5      | Reached skill level 5 in Fighting
  5169 | D:5      | Reached skill level 5 in Armour
  5169 | D:5      | Reached XP level 6. HP: 56/56 MP: 5/5
  5173 | D:5      | Noticed a water moccasin
  5181 | D:5      | Killed a water moccasin
  5182 | D:5      | Reached skill level 5 in Shields
  5516 | D:5      | Found a basalt altar of Yredelemnul.
  5528 | D:5      | Noticed Prince Ribbit
  5557 | D:6      | Killed Prince Ribbit
  5558 | D:6      | Reached XP level 7. HP: 27/61 MP: 6/6
  6221 | D:5      | Reached skill level 6 in Fighting
  6310 | D:5      | Noticed a vampire
  6358 | D:5      | Killed a vampire
  6359 | D:5      | Reached XP level 8. HP: 35/71 MP: 7/7
  6710 | D:5      | Reached skill level 7 in Fighting
  7387 | D:6      | Reached skill level 8 in Fighting
  7387 | D:6      | Reached skill level 5 in Throwing
  7583 | D:6      | Reached skill level 9 in Fighting
  7616 | D:6      | Found a shadowy altar of Dithmenos.
  8263 | D:7      | Found a bloodstained altar of Trog.
  8268 | D:7      | Found a staircase to the Ecumenical Temple.
  8293 | Temple   | Entered the Ecumenical Temple
  8592 | Temple   | Became a worshipper of Zin the Law-Giver
  8592 | Temple   | Reached * piety under Zin
  8595 | Temple   | Fell from the grace of Zin
  8595 | Temple   | Became a worshipper of the Shining One
  8703 | D:7      | Reached skill level 10 in Fighting
  8703 | D:7      | Reached XP level 9. HP: 85/85 MP: 8/8
  9028 | D:7      | Found a stormy altar of Qazlal.
  9049 | D:7      | Reached skill level 1 in Invocations
  9056 | D:7      | Slain by a steam dragon

Illustrated notes

Levels and vault maps discovered:
D:1:      dpeg_arrival_simpleton_c, layout_loops_corners, serial_forest,
          infiniplex_forest_clump_large, infiniplex_forest_straight_2,
          infiniplex_forest_lined_3, infiniplex_forest_corner_1,
          infiniplex_forest_clump_small, infiniplex_forest_straight_2
D:2:      layout_basic, minmay_quadrilaterals
D:3:      layout_loops_cross, serial_shops, nicolae_lakefront_shop,
          hangedman_glass_teeth
D:4:      layout_basic
D:5:      cheibrodos_two_vegetables, layout_layer_cave, general_overflow_altar,
          uniq_prince_ribbit1
D:6:      layout_loops_corners, mainiacjoe_overflow_catwalk
D:7:      layout_basic, mainiacjoe_overflow_small_starburst, bloody_trog,
          minmay_temple_entry_butterflies
Temple:   minmay_temple_bridge_d

Skill      XL: |  1  2  3  4  5  6  7  8  9 |
---------------+----------------------------+-----
Fighting       | 4 5 6 10 | 10.1
Armour         | 4 5 6 |  6.0
Shields        | 4 5 6 |  6.0
Maces & Flails | 3 4 |  4.8
Dodging        | 1 2 3 |  3.0
Throwing       | 1 2 3 5 |  5.1
Invocations    | 1 |  1.5

Action                   |  1- 3 |  4- 6 |  7- 9 || total
-------------------------+-------+-------+-------++-------
Melee: Flail             |    69 |   181 |   168 ||   418
       Headbutt          |     5 |    20 |    39 ||    64
Throw: Dart              |       |    16 |     1 ||    17
       Throwing net      |       |       |     2 ||     2
  Use: Scroll            |     1 |     1 |       ||     2
       Potion            |     1 |     1 |     1 ||     3
Armor: Scale mail        |    46 |    85 |    70 ||   201
Dodge: Dodged            |    47 |   109 |   103 ||   259
Block: Buckler           |    21 |    32 |    48 ||   101

Table legend: (Time is in decaauts)
 A = Elapsed time spent in this place.
 B = Non-inter-level travel time spent in this place.
 C = Inter-level travel time spent in this place.
 D = Time resting spent in this place.
 E = Time spent auto-exploring this place.
 F = Levels seen in this place.
 G = Mean time per level.
                   A        B        C        D        E       F      G
               +--------+--------+--------+--------+--------+-----+--------+
         Total |   9182 |   8414 |    768 |    923 |   6127 |   8 | 1147.8 |
       Dungeon |   8809 |   8186 |    623 |    923 |   5914 |   7 | 1258.4 |
        Temple |    372 |    227 |    145 |      0 |    213 |   1 |  372.0 |
               +--------+--------+--------+--------+--------+-----+--------+

Top non-repeatable levels by time:
     D:2: 1611 daAuts
     D:1: 1591 daAuts
     D:5: 1583 daAuts
     D:6: 1437 daAuts
     D:4: 1227 daAuts
     D:3: 861 daAuts
     D:7: 496 daAuts
  Temple: 372 daAuts
